 Dungeon Crawl Stone Soup version 0.23-a0-29-g1be82e5 (webtiles) character file.

44 zishaf the Insei (level 3, 0/18 HPs)
             Began as a Vine Stalker Transmuter on Aug 3, 2018.
             Slain by Terence
             ... wielding a +0 flail
              (1 damage)
             ... on level 2 of the Dungeon.
             The game lasted 00:02:34 (1063 turns).

zishaf the Insei (Vine Stalker Transmuter)          Turns: 1063, Time: 00:02:35

Health: 0/18       AC:  7    Str: 12    XL:     3   Next: 60%
Magic:  0/7        EV:  4    Int: 14    God:
Gold:   29         SH: 13    Dex: 14    Spells: 5/6 levels left

rFire    . . .     SeeInvis .   b - +0 hand axe
rCold    . . .     Gourm    .   e - +2 large shield
rNeg     . . .     Faith    .   o - +0 scale mail
rPois    .         Spirit   +   (no helmet)
rElec    .         Reflect  .   (no cloak)
rCorr    .         Harm     .   j - +0 pair of gloves (curse)
MR       .....                  (no boots)
Stlth    ..........             (no amulet)
HPRegen  0.06/turn              (no ring)
MPRegen  0.10/turn              (no ring)

@: no status effects
A: fangs 2, magic shield, antimagic bite, no potion heal 3, rot immunity
a: no special abilities


You were on level 2 of the Dungeon.
You were not hungry.

You visited 1 branch of the dungeon, and saw 2 of its levels.

You collected 29 gold pieces.

Inventory:

Hand Weapons
 b - a +0 hand axe (weapon)
Missiles
 a - 12 arrows
Armour
 e - a +2 large shield (worn)
 j - a cursed +0 pair of gloves (worn)
 o - a +0 scale mail (worn)
Scrolls
 f - 3 scrolls of identify {unknown}
 m - a scroll of teleportation {unknown}
 n - a scroll of amnesia {unknown}
Potions
 c - a potion of curing {unknown}
 g - a potion of mutation {unknown}
 h - a potion of resistance {unknown}
 i - a potion of flight {unknown}
 k - a potion of brilliance {unknown}
Comestibles
 d - 5 rations
 l - a chunk of flesh


   Skills:
 + Level 1.4 Fighting
 * Level 1.0 Axes
 - Level 2.0 Dodging
 * Level 1.1 Shields
 - Level 3.0 Unarmed Combat
 - Level 2.1 Spellcasting
 + Level 2.4 Transmutations


You had 5 spell levels left.
You knew the following spells:

 Your Spells              Type           Power        Failure   Level  Hunger
a - Beastly Appendage     Tmut           #.....       100%        1    #......

Your spell library contained the following spells:

 Spells                   Type           Power        Failure   Level  Hunger
 Spider Form              Tmut/Pois      #.........   100%        3    ###....
 Blade Hands              Tmut           #.........   100%        5    ######.
 Ice Form                 Ice/Tmut       #.......     100%        4    #####..
 Sticks to Snakes         Tmut           #.......     100%        2    ###....


Dungeon Overview and Level Annotations

Branches:
Dungeon (2/15)

Altars:
Ashenzari
Wu Jian

Annotations:
D:2 Terence


Innate Abilities, Weirdness & Mutations

You have extremely sharp teeth.
When hurt, damage is shared between your health and your magic reserves.
Your bite disrupts and absorbs the magic of your enemies.
Potions cannot restore your health.
You are immune to rotting.


Message History

You hit Terence but do no damage.
Terence is almost dead.
Terence says, "Don't bother to defend, it's pointless."
You block Terence's attack.
You hit Terence but do no damage.
Terence is almost dead.
You block Terence's attack.
Some of the chunks of flesh in your inventory have rotted away.
You closely miss Terence. Your bite misses Terence.
Terence is almost dead.
Terence barely misses you.
Your shield prevents you from hitting Terence.
Your bite misses Terence.
Terence is almost dead.
Terence hits you with a flail.
* * * LOW HITPOINT WARNING * * *
Your shield and scale mail prevent you from hitting Terence.
Terence is almost dead.
Terence hits you with a flail.
You die...

............
..........
#........
#..(....# ###
###.......#
######..
#.........#
#....#.####
#......)@#
#....#.#...
#.....†@.##
#....#.#.##
#####.....#
#....#.#.#.
#####.#
#.#.##.#.#. #.#
#.._...#.#.
#.####.#.#..#.#.
#....'....+.#.#.
######....###.#.
..............
#############.


You could see Terence.

Vanquished Creatures
  2 worms (D:2)
  2 dart slugs (D:1)
  2 leopard geckos
  3 bats
  A giant cockroach (D:1)
  2 goblins (D:2)
  5 hobgoblins
  4 jackals (D:1)
  A frilled lizard (D:2)
  5 kobolds
  3 rats
30 creatures vanquished.

Notes
Turn   | Place    | Note
-------+----------+-------------------------------------------
     0 | D:1      | zishaf the Vine Stalker Transmuter began the quest for the Orb.
     0 | D:1      | Reached XP level 1. HP: 9/9 MP: 4/4
    39 | D:1      | Found a shattered altar of Ashenzari.
    50 | D:1      | Reached skill level 1 in Fighting
   385 | D:1      | Reached XP level 2. HP: 14/14 MP: 6/6
   567 | D:1      | Reached XP level 3. HP: 17/18 MP: 7/7
   821 | D:2      | Reached skill level 1 in Shields
  1003 | D:2      | Found an ornate altar of the Wu Jian Council.
  1021 | D:2      | Noticed Terence
  1035 | D:2      | Reached skill level 1 in Axes
  1063 | D:2      | Slain by Terence

Vault maps used:
D:1:      saegor_arrival_simple_a, evilmike_ruin_ashenzari
D:2:      lemuel_crystal_altar, gammafunk_temple_overflow_claw, first_ration,
          kennysheep_boxes, uniq_terence

Skill      XL: |  1  2  3 |
---------------+----------+-----
Fighting       | 1 |  1.4
Shields        | 1 |  1.1
Dodging        | 2 |  2.0
Axes           | 1 |  1.0
Unarmed Combat | |  3.0
Spellcasting   | |  2.1
Transmutations | |  2.4

Action                   || total
-------------------------++-------
Melee: Whip              ||    24
       Bite              ||    25
       Unarmed           ||     1
       Hand axe          ||   108
 Stab: Sleeping          ||     1
  Eat: Chunk             ||     1
Armor: Robe              ||     1
       Leather armour    ||    25
       Scale mail        ||    14
Dodge: Dodged            ||    33
Block: Large shield      ||   105

Table legend:
 A = Spawn XP
 B = Non-spawn XP
 C = Spawn XP percentage of total XP
 D = Spawn monster count
 E = Non-spawn monster count
 F = Spawn count percentage of total count
 G = Total turns spent on level
                    A         B        C        D         E        F      G
               +---------+---------+-------+---------+---------+-------+---------
         Total |       0 |      63 |   0.0 |       0 |      30 |   0.0 |  1063
               +---------+---------+-------+---------+---------+-------+---------
           D:1 |       0 |      36 |   0.0 |       0 |      17 |   0.0 |   775
           D:2 |       0 |      27 |   0.0 |       0 |      13 |   0.0 |   288
               +---------+---------+-------+---------+---------+-------+---------
